 Dungeon Crawl Stone Soup version 0.25.1-8-g42b30a86e7 (webtiles) character file.

Game seed: 18087234883428159749

539 Gabide the Ruffian (level 7, 0/53 (56) HPs)
             Began as a Ghoul Gladiator on Dec 25, 2020.
             Was an Elder of Jiyva.
             Slain by a water moccasin (4 damage)
             ... on level 6 of the Dungeon.
             The game lasted 00:08:39 (5110 turns).

Gabide the Ruffian (Ghoul Gladiator)                Turns: 5110, Time: 00:08:39

HP:   0/53 (56)     AC:  7    Str: 20    XL:     7   Next: 26%
MP:   6/6           EV: 11    Int:  4    God:    Jiyva [****..]
Gold: 130           SH:  0    Dex:  9    Spells: 6/6 levels left

rFire    . . .     SeeInvis +     - Unarmed
rCold    + . .     Gourm    .   (no shield)
rNeg     + + +     Faith    .   i - +0 scale mail
rPois    ∞         Spirit   .   b - +0 helmet
rElec    .         Reflect  .   (no cloak)
rCorr    +         Harm     .   (no gloves)
MR       .....                  (no boots)
Stlth    ..........             (no amulet)
HPRegen  0.00/turn              e - ring of resist corrosion
MPRegen  0.10/turn              k - ring of see invisible

@: rotting
A: rotting body, claws 1, carnivore, cold resistance 1, negative energy
resistance 3, inhibited regeneration, torment resistance, unbreathing
a: Request Jelly, Slimify, Renounce Religion


You were on level 6 of the Dungeon.
You worshipped Jiyva.
Jiyva was greatly pleased with you.
You were not hungry.

You visited 1 branch of the dungeon, and saw 6 of its levels.

You collected 130 gold pieces.

Inventory:

Missiles
 q - 5 poisoned darts (quivered)
Armour
 b - a +0 helmet (worn)
 g - a +0 ring mail
 i - a +0 scale mail (worn)
Jewellery
 e - a ring of resist corrosion (left claw)
 k - a ring of see invisible (right claw)
Scrolls
 p - 2 scrolls of remove curse
 r - a scroll of identify
 s - a scroll of enchant armour {unknown}
 t - 2 scrolls of teleportation {unknown}
Potions
 a - a potion of invisibility {unknown}
 c - a potion of lignification {unknown}
 f - a potion of cancellation {unknown}
 h - a potion of brilliance {unknown}
 j - a potion of resistance {unknown}
 l - 3 potions of curing
 m - 2 potions of heal wounds {unknown}
 n - a potion of degeneration {unknown}
 o - a potion of haste {unknown}
Comestibles
 d - 5 rations


   Skills:
 + Level 2.6 Fighting
 - Level 1.8 Throwing
 + Level 2.2 Armour
 + Level 3.5 Dodging
 - Level 2.3 Stealth
 * Level 7.2 Unarmed Combat


You had 6 spell levels left.
You didn't know any spells.
Your spell library was empty.

Dungeon Overview and Level Annotations

Branches:
Dungeon (6/15)
 Temple: D:4-7

Altars:
Ashenzari
Dithmenos
Gozag
Makhleb
Qazlal
Ru
Zin
Jiyva


Innate Abilities, Weirdness & Mutations

Your body is rotting away.
You thrive on raw meat.
You are immune to poison.
You have sharp fingernails.
You are carnivorous and can eat meat at any time.
Your flesh is cold resistant. (rC+)
You are immune to negative energy. (rN+++)
You do not regenerate when monsters are visible.
You are immune to unholy pain and torment.
You can survive without breathing.


Message History

You throw a poisoned dart.
The poisoned dart closely misses the water moccasin.
The water moccasin bites you. The centaur skeleton hits you.
* * * LOW HITPOINT WARNING * * *
The water moccasin bites you but does no damage.
You barely miss the water moccasin. The centaur skeleton barely misses you.
The water moccasin bites you but does no damage.
You scratch the water moccasin but do no damage.
The centaur skeleton hits you.
* * * LOW HITPOINT WARNING * * *
The water moccasin bites you.
* * * LOW HITPOINT WARNING * * *
Okay, then.
Okay, then.
As you read the scroll of identify, it crumbles to dust.
l - 3 potions of curing The centaur skeleton hits you.
* * * LOW HITPOINT WARNING * * *
The water moccasin bites you.
You die...

#...(.......
#...........
#...........
#...........
#...........
#...........
#...S.......
#...@Z......
#<..........
#.....#+###.
#.....#
#.....#
+.....#
#.....#
#.....#
#......


You could see a water moccasin and a centaur skeleton.

Vanquished Creatures
  An ogre (D:5)
  A scorpion (D:4)
  2 wights (D:4)
  An orc priest (D:4)
  A hound (D:3)
  An orc wizard (D:4)
  Jessica (D:3)
  An iguana (D:3)
  2 worker ants (D:4)
  A worker ant zombie (D:5)
  8 adders
  A shadow imp (D:5)
  4 worms (D:2)
  3 dart slugs
  3 leopard geckos
  7 orcs
  A ball python (D:5)
  5 giant cockroaches
  6 goblins
  9 hobgoblins
  11 kobolds
  A quokka (D:4)
  8 bats
  A frilled lizard (D:2)
  5 rats
85 creatures vanquished.

Vanquished Creatures (others)
  Sigmund (D:4)
  A bullfrog (D:5)
  2 jellies (D:4)
  A wight (D:4)
  A crimson imp (D:5)
  2 hounds
  Ijyb (D:4)
  A worker ant (D:5)
  An adder skeleton (D:4)
  A worm (D:4)
  A dart slug (D:4)
  A ball python (D:4)
  A giant cockroach (D:5)
  9 jackals (D:4)
  2 quokkas
26 creatures vanquished.

Grand Total: 111 creatures vanquished

Notes
Turn   | Place    | Note
-------+----------+-------------------------------------------
     0 | D:1      | Gabide the Ghoul Gladiator began the quest for the Orb.
     0 | D:1      | Reached XP level 1. HP: 17/17 MP: 0/0
     2 | D:1      | Noticed a merfolk
     2 | D:1      | Noticed a draconian
     4 | D:1      | Noticed a vampire
     4 | D:1      | Noticed a demigod
     8 | D:1      | Noticed a human
     8 | D:1      | Noticed a demonspawn
    10 | D:1      | Noticed an elf
    10 | D:1      | Noticed a gargoyle
    12 | D:1      | Noticed a tengu
    12 | D:1      | Noticed a spriggan
    14 | D:1      | Noticed an octopode
    14 | D:1      | Noticed an ogre
    16 | D:1      | Noticed a halfling
    16 | D:1      | Noticed a minotaur
    18 | D:1      | Noticed a dwarf
    20 | D:1      | Noticed a ghoul
    22 | D:1      | Noticed a naga
    22 | D:1      | Noticed a felid
    24 | D:1      | Noticed a troll
    24 | D:1      | Noticed a centaur
    26 | D:1      | Noticed a formicid
    26 | D:1      | Noticed a vine stalker
   476 | D:1      | Reached XP level 2. HP: 19/24 MP: 1/1
  1309 | D:2      | Found a sacrificial altar of Ru.
  1397 | D:2      | Reached XP level 3. HP: 21/29 MP: 2/2
  1540 | D:2      | Reached skill level 4 in Unarmed Combat
  2024 | D:2      | Reached XP level 4. HP: 36/37 MP: 3/3
  2368 | D:2      | Reached skill level 1 in Armour
  2767 | D:3      | Found a faded altar of an unknown god.
  2787 | D:3      | Became a worshipper of Jiyva Japod the Shapeless
  2787 | D:3      | Reached * piety under Jiyva
  2857 | D:3      | Reached skill level 1 in Stealth
  2857 | D:3      | Reached XP level 5. HP: 34/42 MP: 4/4
  2976 | D:3      | Reached skill level 5 in Unarmed Combat
  3004 | D:3      | Found a shattered altar of Ashenzari.
  3175 | D:3      | Found an opulent altar of Gozag.
  3177 | D:3      | Noticed Jessica
  3183 | D:3      | Killed Jessica
  3525 | D:3      | Reached XP level 6. HP: 11/49 MP: 5/5
  3670 | D:3      | Reached ** piety under Jiyva
  3703 | D:4      | Reached skill level 6 in Unarmed Combat
  3804 | D:4      | Killed Sigmund
  3865 | D:4      | Killed Ijyb
  3867 | D:4      | Reached *** piety under Jiyva
  4011 | D:4      | Found a glowing silver altar of Zin.
  4027 | D:4      | Reached **** piety under Jiyva
  4096 | D:4      | Found a stormy altar of Qazlal.
  4394 | D:5      | Entered Level 5 of the Dungeon
  4397 | D:5      | Reached XP level 7. HP: 53/53 MP: 6/6
  4480 | D:5      | Found a shadowy altar of Dithmenos.
  4493 | D:5      | Reached skill level 7 in Unarmed Combat
  4626 | D:5      | Found a burning altar of Makhleb.
  5110 | D:6      | Slain by a water moccasin

Illustrated notes

Levels and vault maps discovered:
D:1:      kb_arrival_jail, layout_basic
D:2:      layout_basic, nicolae_ru_awakened_eye
D:3:      layout_basic, nicolae_overflow_crystal_walls, first_ration,
          chequers_ecumenical_altar_simple, nicolae_gozag_seed_capital,
          uniq_jessica
D:4:      layout_rooms, lemuel_doored_altar, grunt_ministairs_2,
          nicolae_qazlal_general_emergency, uniq_ijyb, uniq_sigmund
D:5:      layout_loops_ring, nicolae_dithmenos_the_darkroom, bloody_makhleb
D:6:      layout_gridville, temple_fountains, uniq_menkaure

Skill      XL: |  1  2  3  4  5  6  7 |
---------------+----------------------+-----
Dodging        | 3 |  3.5
Unarmed Combat | 4 5 6 7 |  7.2
Armour         | 1 2 |  2.2
Stealth        | 1 2 |  2.3
Fighting       | |  2.6
Throwing       | |  1.8

Action                   |  1- 3 |  4- 6 |  7- 9 || total
-------------------------+-------+-------+-------++-------
Melee: Unarmed           |   127 |   189 |    23 ||   339
       Punch             |     2 |     4 |     1 ||     7
Throw: Throwing net      |     3 |     1 |     1 ||     5
       Dart              |       |       |     3 ||     3
  Use: Scroll            |     3 |     1 |     1 ||     5
 Stab: Held in net/web   |       |     2 |       ||     2
  Eat: Chunk             |     6 |     4 |     1 ||    11
Armor: Leather armour    |    11 |       |       ||    11
       Ring mail         |    18 |       |       ||    18
       Scale mail        |    38 |    74 |     8 ||   120
Dodge: Dodged            |    72 |   142 |     9 ||   223
